 Dungeon Crawl Stone Soup version 0.29.1-2-gbd0b4ee654 (webtiles) character file.

Game seed: 10617638440124416701

3378 Firos the Destroyer (level 9, -24/45 HPs)
             Began as a Deep Elf Fire Elementalist on Nov 9, 2022.
             Was a Follower of Vehumet.
             Annihilated by a two-headed ogre
             ... wielding a +0 great mace
              (27 damage)
             ... on level 8 of the Dungeon.
             The game lasted 00:21:54 (8404 turns).

Firos the Destroyer (Deep Elf Fire Elementalist)    Turns: 8404, Time: 00:21:54

Health: -24/45     AC:  6    Str:  4    XL:     9   Next: 74%
Magic:  8/24       EV: 13    Int: 29    God:    Vehumet [*.....]
Gold:   404        SH:  0    Dex: 21    Spells: 14/27 levels left

rFire   . . .      SeeInvis +   A - +8 quarterstaff "Moikhly" {freeze, Will+ Str+2}
rCold   . . .      Faith    .   (shield currently unavailable)
rNeg    + + .      Spirit   .   u - +1 robe of Loss {rCorr Int+4 Slay+2}
rPois   .          Reflect  .   r - +0 helmet
rElec   .          Harm     .   (no cloak)
rCorr   +          Rampage  .   e - +1 pair of gloves
Will    +....                   (no boots)
Stlth   +++.......              (no amulet)
HPRegen 0.15/turn               f - ring of Secrets {Fly rN++ rCorr Str-3 SInv}
MPRegen 0.19/turn               o - +6 ring of dexterity

@: flying, studying Polearms
A: camouflage 1, MP-powered wands
a: Renounce Religion


You were on level 8 of the Dungeon.
You worshipped Vehumet.
Vehumet was aware of your devotion.
You visited 2 branches of the dungeon, and saw 9 of its levels.
You also visited: Sewer.

You collected 404 gold pieces.

Inventory:

Hand Weapons
 A - the +8 quarterstaff "Moikhly" (weapon) {freeze, Will+ Str+2}
   (You found it on level 8 of the Dungeon)

   It freezes those it strikes, dealing additional cold damage.
   It can also slow down cold-blooded creatures.
   Str:       It affects your strength (+2).
   Will:      It increases your willpower.
Armour
 e - a +1 pair of gloves (worn)
 r - a +0 helmet (worn)
 u - the +1 robe of Loss (worn) {rCorr Int+4 Slay+2}
   (You found it on level 6 of the Dungeon)

   Int:       It affects your intelligence (+4).
   Slay:      It affects your accuracy & damage with ranged weapons and melee
   (+2).
   rCorr:     It protects you from acid and corrosion.
Magical Staves
 s - a staff of death
Jewellery
 a - a ring of protection from cold
 f - the ring of Secrets (left hand) {Fly rN++ rCorr Str-3 SInv}
   (You acquired it on level 2 of the Dungeon)

   [ring of resist corrosion]

   Str:       It affects your strength (-3).
   rN:        It greatly protects you from negative energy.
   SInv:      It lets you see invisible.
   Fly:       It grants you flight.
   rCorr:     It protects you from acid and corrosion.
 o - a +6 ring of dexterity (right hand)
Wands
 k - a wand of paralysis (6)
 n - a wand of quicksilver (2)
 y - a wand of polymorph (10)
Scrolls
 c - 2 scrolls of butterflies
 q - 2 scrolls of teleportation
Potions
 b - a potion of invisibility {unknown}
 d - 3 potions of resistance
 g - 6 potions of curing
 h - a potion of degeneration {unknown}
 i - 4 potions of heal wounds {unknown}
 j - 3 potions of might
 l - a potion of flight {unknown}
 m - a potion of cancellation {unknown}
 t - a potion of mutation
 v - a potion of ambrosia {unknown}
 w - a potion of berserk rage {unknown}
 x - a potion of brilliance {unknown}
 z - a potion of lignification {unknown}


   Skills:
 - Level 2.4 Dodging
 - Level 2.4 Stealth
 + Level 9.5 Spellcasting
 * Level 10.8 Conjurations
 + Level 8.3 Fire Magic


You had 14 spell levels left.
You knew the following spells:

 Your Spells              Type           Power      Damage    Failure   Level
a - Foxfire               Conj/Fire      100%       2x1d9     1%          1
b - Scorch                Fire           100%       2d10      1%          2
c - Conjure Flame         Conj/Fire      62%        6-21      1%          3
d - Inner Flame           Hex/Fire       37%        N/A       2%          3
e - Flame Wave            Conj/Fire      62%        2d14      1%          4

Your spell library contained the following spells:

 Spells                   Type           Power      Damage    Failure   Level
 Shock                    Conj/Air       100%       1d9       1%          1
 Summon Small Mammal      Summ           52%        N/A       4%          1
 Call Canine Familiar     Summ           13%        N/A       12%         3
 Summon Guardian Golem    Hex/Summ       13%        N/A       12%         3
 Lightning Bolt           Conj/Air       22%        1d38      12%         5
 Airstrike                Air            6%         2d(1-17)  36%         4
 Summon Lightning Spire   Summ/Air       13%        N/A       36%         4


Dungeon Overview and Level Annotations

Branches:
Dungeon (8/15)             Temple (1/1) D:7            Lair (0/5) D:8
  Sewer (visited)

Altars:
Ashenzari
Dithmenos
Elyvilon
Fedhas
Hepliaklqana
Kikubaaqudgha
Makhleb
Nemelex Xobeh
Okawaru
Qazlal
Ru
Sif Muna
Trog
Uskayaw
Vehumet
Wu Jian
Yredelemnul
The Shining One


Innate Abilities, Weirdness & Mutations

Your skin changes colour to match your surroundings (Stealth+).
You expend magic power (3 MP) to strengthen your wands.


Message History

Casting: Foxfire (safe; 1% risk of failure)
Confirm with . or Enter, or press ? or * to list all spells.
You conjure some foxfire!
The foxfire hits the orc priest.
The orc priest is lightly wounded.
The foxfire hits the orc priest.
The orc priest is heavily wounded.
Unknown command.
Casting: Foxfire (safe; 1% risk of failure)
Confirm with . or Enter, or press ? or * to list all spells.
You conjure some foxfire!
The foxfire hits the orc priest.
The orc priest is almost dead.
The foxfire hits the orc priest!
You kill the orc priest!
Vehumet accepts your kill.
Casting: Foxfire (safe; 1% risk of failure)
Confirm with . or Enter, or press ? or * to list all spells.
You conjure some foxfire!
Unknown command.
Your foxfire dissipates!
The foxfire hits the two-headed ogre.
The two-headed ogre is moderately wounded.
The foxfire hits the two-headed ogre but does no damage.
The two-headed ogre is moderately wounded.
The foxfire hits the two-headed ogre.
The two-headed ogre is moderately wounded.
Your magical contamination has completely faded away.
Casting: Foxfire (safe; 1% risk of failure)
Confirm with . or Enter, or press ? or * to list all spells.
Flames lash the two-headed ogre.
The two-headed ogre is heavily wounded.
The two-headed ogre's fire resistance burns away.
The two-headed ogre hits you with a +0 great mace!!
The two-headed ogre hits you with a +0 giant club!
Okay, then.
The two-headed ogre attacks as you move away!
The two-headed ogre hits you with a +0 great mace!
* * * LOW HITPOINT WARNING * * *
The two-headed ogre hits you with a +0 giant club!!
Ouch! That really hurt!
You die...

#...,**,,,##.##,,,*#....
*...*****##...#****#####
*#..* #....# #..#*
##....# *#).* #.....#
#).## #....##
*#.)###)...# *#.O#....##
# ##..@...##### ##
#..##.......##### #.
##.###..####.....####.
#..# #### #####......
##.## ####... #.## #...
#.# ##.. ### ###


You could see a two-headed ogre (combustible).

Vanquished Creatures
  Pikel (D:7)
  A gargoyle (D:7)
  A yak (D:8)
  A shadow (D:7)
  2 wyverns (D:8)
  4 water moccasins
  An orc warrior (D:8)
  A sky beast (D:7)
  A black bear (D:6)
  An ogre (D:7)
  3 lemures (D:7)
  A kobold brigand (D:7)
  A necrophage (D:7)
  4 scorpions
  5 wights (D:8)
  A howler monkey (D:8)
  A hound (D:5)
  A jelly (D:6)
  An orc priest (D:8)
  A gnoll bouda (D:8)
  Terence (D:3)
  An iguana (D:5)
  3 orc wizards (D:7)
  10 gnolls
  2 river rats (Sewer)
  8 adders
  2 shadow imps
  2 worms (D:6)
  3 dart slugs
  11 orcs
  13 ball pythons
  5 endoplasms
  3 giant cockroaches
  5 goblins
  7 hobgoblins
  3 jackals (D:2)
  8 kobolds
  4 quokkas
  6 bats
  8 frilled lizards
  9 rats
147 creatures vanquished.

Vanquished Creatures (collateral kills)
  6 foxfires
6 creatures vanquished.

Vanquished Creatures (others)
  445 foxfires
  A fungus (D:8)
  27 plants
473 creatures vanquished.

Grand Total: 626 creatures vanquished

Notes
Turn   | Place    | Note
-------+----------+-------------------------------------------
     0 | D:1      | Firos the Deep Elf Fire Elementalist began the quest for
                  | the Orb.
     0 | D:1      | Reached XP level 1. HP: 10/10 MP: 6/6
   248 | D:1      | Reached XP level 2. HP: 15/15 MP: 4/8
   251 | D:1      | Learned a level 2 spell: Scorch
   365 | D:1      | Reached skill level 2 in Conjurations
  1203 | D:2      | Reached XP level 3. HP: 19/19 MP: 7/10
  1458 | D:2      | Found a faded altar of an unknown god.
  1886 | D:2      | Reached skill level 3 in Conjurations
  1976 | D:2      | Learned a level 3 spell: Conjure Flame
  1980 | D:2      | Learned a level 3 spell: Inner Flame
  2265 | D:2      | Identified a scroll of acquirement
  2265 | D:2      | Acquired the ring of Secrets {Fly rN++ rCorr Str-3 SInv}
  2308 | D:3      | You are sucked into a shaft and drop 1 floor!
  2327 | D:3      | Reached XP level 4. HP: 24/24 MP: 7/11
  2410 | D:3      | Noticed Terence
  2420 | D:3      | Killed Terence
  2685 | D:3      | Found a faded altar of an unknown god.
  2688 | D:3      | Found a shimmering blue altar of Sif Muna.
  2760 | D:3      | Noticed a scorpion
  2766 | D:3      | Killed a scorpion
  2767 | D:3      | Reached skill level 4 in Conjurations
  2767 | D:3      | Reached XP level 5. HP: 28/28 MP: 5/13
  3644 | D:4      | Found a sparkling altar of Nemelex Xobeh.
  3798 | D:5      | Entered Level 5 of the Dungeon
  4143 | D:5      | Reached skill level 5 in Spellcasting
  4143 | D:5      | Reached XP level 6. HP: 32/32 MP: 10/15
  4148 | D:5      | Learned a level 4 spell: Flame Wave
  4305 | D:5      | Reached skill level 5 in Conjurations
  4452 | D:5      | Gained mutation: Your skin changes colour to match your
                  | surroundings (Stealth+). [potion of mutation]
  4452 | D:5      | Gained mutation: You expend magic power (3 MP) to
                  | strengthen your wands. [potion of mutation]
  5028 | D:6      | Found a glowing drain.
  5036 | Sewer    | Entered a sewer
  5104 | Sewer    | Reached skill level 5 in Fire Magic
  5535 | D:6      | Noticed a water moccasin
  5541 | D:6      | Killed a water moccasin
  5542 | D:6      | Reached XP level 7. HP: 36/36 MP: 11/17
  5547 | D:6      | Identified the +1 robe of Loss {rCorr Int+4 Slay+2}
  5851 | D:6      | Reached skill level 6 in Conjurations
  5934 | D:6      | Found a hide-covered altar of Uskayaw.
  6022 | D:7      | Noticed a gargoyle
  6743 | D:7      | Found a staircase to the Ecumenical Temple.
  6752 | Temple   | Entered the Ecumenical Temple
  6884 | Temple   | Became a worshipper of Vehumet
  6984 | D:7      | Noticed Pikel
  6998 | D:7      | Killed Pikel
  6999 | D:7      | Reached skill level 7 in Conjurations
  6999 | D:7      | Reached XP level 8. HP: 19/41 MP: 2/20
  7202 | D:7      | Reached skill level 8 in Conjurations
  7352 | D:7      | Killed a gargoyle
  7353 | D:7      | Reached skill level 9 in Conjurations
  7366 | D:7      | Reached XP level 9. HP: 43/45 MP: 20/23
  7803 | D:8      | Reached * piety under Vehumet
  7803 | D:8      | Offered knowledge of Shock by Vehumet.
  7991 | D:8      | Reached skill level 10 in Conjurations
  8093 | D:8      | Found a staircase to the Lair.
  8297 | D:8      | Identified the +8 quarterstaff "Moikhly" {freeze, Will+
                  | Str+2}
  8393 | D:8      | Noticed a two-headed ogre
  8404 | D:8      | Annihilated by a two-headed ogre

Illustrated notes

Levels and vault maps discovered:
D:1:      eino_arrival_water_cross, layout_loops_corners, serial_bayou_lagoon_a
D:2:      layout_loops_corners, chequers_ecumenical_altar_lobes,
          kennysheep_small_spiral
D:3:      layout_basic, nicolae_overflow_ecumenical_swirl, uniq_terence
D:4:      layout_cave_pools, mainiacjoe_overflow_24_doors
D:5:      layout_loops_cross
D:6:      layout_basic, nicolae_uskayaw_suspiria, portal_sewer_entry_b,
          minmay_misc_feat_columns
D:7:      layout_rooms, temple_hall, grunt_decor_resistance, minmay_manual_mess,
          uniq_pikel
D:8:      layout_cave_pods, grunt_temple_overflow_cloverleaf,
          minmay_lair_entry_grove
Temple:   nicolae_temple_bog_church

Skill      XL: |  1  2  3  4  5  6  7  8  9 |
---------------+----------------------------+-----
Conjurations   | 2 3 4 5 7 9 10 | 10.8
Spellcasting   | 4 5 7 8 9 |  9.5
Fire Magic     | 4 5 6 7 8 |  8.3
Dodging        | |  2.4
Stealth        | |  2.4

Action                   |  1- 3 |  4- 6 |  7- 9 || total
-------------------------+-------+-------+-------++-------
 Cast: Foxfire           |    47 |    86 |   153 ||   286
       Scorch            |    11 |    18 |    30 ||    59
       Conjure Flame     |       |       |     2 ||     2
       Flame Wave        |       |       |     1 ||     1
Evoke: Wand              |       |       |     6 ||     6
  Use: Scroll            |     4 |     9 |    10 ||    23
       Potion            |       |     1 |     2 ||     3
Armor: Robe              |     3 |       |    10 ||    13
Dodge: Dodged            |     8 |       |    23 ||    31
